Unix NetHack Version 5.0.0-0 post-release - last build Jun 10 2026 00:39:30 (3ee93aec679c4c4259841fe613dc97188e26a321,branch:main).

Game began 2026-06-15 21:52:44, ended 2026-06-15 22:02:27.

Felix1, chaotic male human Rogue

                              |
                              |.
                               -..
                              --.... - -----
                              |....... |h..---
                              -....G..G.@)...|
                             |........ --....|
                             |...... -  |..---
                             --...      |..|
                              -- |      ----

Felix1 the Cutpurse     St:16 Dx:18 Co:13 In:10 Wi:9 Ch:9  Chaotic
Dlvl:4  $:38 HP:0(22) Pw:11(11) AC:7  Xp:3 T:1431 

Latest messages:
 You kill the grid bug!
 You see here a scroll labeled KIRJE.
 u - a scroll labeled KIRJE.
 My, this is a yummy slime mold!
 The giant rat bites!
 You miss the giant rat.
 You kill the giant rat!
 The giant rat misses!
 You hit the giant rat!
 You kill the giant rat!
 You see here a giant rat corpse.
 There is a giant rat corpse here; eat it? [ynq] (n) y
 This giant rat corpse is tough.
 You finish eating the giant rat corpse.
 You kill the yellow mold!
 You see here a yellow mold corpse.
 The giant rat bites!
 You miss the giant rat.
 The giant rat bites!
 You kill the giant rat!
 You can't go down here.
 You climb up the stairs.
 You descend the stairs.
 You are hit by an orcish dagger.
 You kill the goblin!
 You see here an orcish dagger.
 You kill the red mold!
 You descend the stairs.
 You miss the dwarf.
 The dwarf wields a dagger!
 The gnome wields a bow!
 You can't go down here.
 You can't go down here.
 You can't go up here.
 You can't go up here.
 The dwarf thrusts her dagger.
 The dwarf hits!
 You miss the dwarf.
 The dwarf thrusts her dagger.
 The dwarf hits!
 The gnome shoots an arrow!
 An arrow misses you.
 The dwarf thrusts her dagger.
 The dwarf hits!
 You die...
 Do you want your possessions identified? [ynq] (y) y
 Do you want to see your attributes? [ynq] (y) y
 Do you want an account of creatures vanquished? [ynaq] (y) y
 Do you want to see your conduct and achievements? [ynq] (y) y
 Do you want to see the dungeon overview? [ynq] (y) y

Inventory:
 Coins    ('$')
  $ - 38 gold pieces
 Amulets  ('"')
  h - a cursed amulet of strangulation
 Weapons  (')')
  j - a +0 dart (at the ready)
  k - 10 cursed +0 darts
  b - 9 +0 daggers (alternate weapons; not wielded)
  a - a +0 short sword (weapon in right hand)
 Armor    ('[')
  c - an uncursed +1 leather armor (being worn)
 Comestibles  ('%')
  l - an uncursed slime mold
  i - 3 uncursed food rations
  p - an uncursed lembas wafer
 Scrolls  ('?')
  u - an uncursed scroll of identify
  n - an uncursed scroll of light
 Spellbooks  ('+')
  r - an uncursed spellbook of wizard lock
 Potions  ('!')
  q - an uncursed potion of blindness
  o - an uncursed potion of gain level
  g - an uncursed potion of healing
  s - a blessed potion of restore ability
  d - an uncursed potion of sickness
 Wands    ('/')
  t - a wand of light (0:15)
 Tools    ('(')
  f - an empty uncursed sack
  e - an uncursed lock pick

Felix1 the Rogue's attributes:

Background:
 You were a Cutpurse, a level 3 male human Rogue.
 You were chaotic, nominally on a mission for Kos
 who was opposed by Issek (lawful) and Mog (neutral).
 You were right-handed.
 You were in the Gnomish Mines, on level 4.
 You entered the dungeon 1431 turns ago.
 It was nighttime.
 There was a new moon in effect when your adventure ended.
 You had 73 experience points, 7 more were needed to attain level 4.

Basics:
 You had 0 out of 22 hit points.
 You had all 11 energy points (spell power).
 Your armor class was 7.
 Your wallet contained 38 zorkmids.
 Autopickup was off.

Final Characteristics:
 Your strength was 16 (limit:18/100).
 Your dexterity was 18 (limit:18).
 Your constitution was 13 (limit:18).
 Your intelligence was 10 (limit:18).
 Your wisdom was 9 (limit:18).
 Your charisma was 9 (limit:18).

Final Status:
 You weren't hungry.
 You were unencumbered.
 You were wielding a short sword.
 You had basic skill with short sword.

Final Attributes:
 You were devoutly aligned.
 You were stealthy.
 You were warded.
 You are dead.

Miscellaneous:
 You didn't encounter any bones levels.
 Total elapsed playing time was 9 minutes and 42 seconds.

Major events:
 Turn
    1: Felix1 the chaotic male human Rogue entered the dungeon
 1074: attained the rank of Cutpurse (level 3)
 1427: entered the Gnomish Mines
 1431: killed by a dwarf

You didn't know any spells.

Skills:
 Fighting Skills
   bare handed combat [Unskilled]
   two weapon combat  [Unskilled]
   riding             [Unskilled]
 Weapon Skills
   dagger             [Basic]
   knife              [Unskilled]
   short sword        [Basic]
   broadsword         [Unskilled]
   long sword         [Unskilled]
   two-handed sword   [Unskilled]
   saber              [Unskilled]
   club               [Unskilled]
   mace               [Unskilled]
   morning star       [Unskilled]
   flail              [Unskilled]
   hammer             [Unskilled]
   polearms           [Unskilled]
   spear              [Unskilled]
   crossbow           [Unskilled]
   dart               [Unskilled]
   shuriken           [Unskilled]
 Spellcasting Skills
   divination spells  [Unskilled]
   escape spells      [Unskilled]
   matter spells      [Unskilled]

Voluntary challenges:
 Character rerolling was not enabled.
 You were an atheist.
 You never genocided any monsters.
 You never polymorphed an object.
 You never changed form.
 You used no wishes.
Achievements:
 You entered a shop.
 You attained the rank of Cutpurse.
 You entered the Gnomish Mines.

 The Dungeons of Doom: levels 1 to 3
    Level 1:
    Level 2:
       An armor shop, a sink, a grave.
    Level 3:
       Stairs down to The Gnomish Mines.
 The Gnomish Mines:
    Level 4: <- You were here.
       Final resting place for
          you, killed by a dwarf.


Vanquished creatures:
 an acid blob
  3 giant rats
  3 yellow molds
  a red mold
  a gnome zombie
  2 geckos
  4 jackals
  a kobold
  4 goblins
  6 grid bugs
  a lichen
  2 kobold zombies
  5 newts
34 creatures vanquished.

No species were genocided or became extinct.

Game over:
                       ----------
                      /          \
                     /    REST    \
                    /      IN      \
                   /     PEACE      \
                  /                  \
                  |      Felix1      |
                  |      38 Au       |
                  |   killed by a    |
                  |      dwarf       |
                  |                  |
                  |                  |
                  |       2026       |
                 *|     *  *  *      | *
        _________)/\\_//(\/(/\)/\//\/|_)_______

Goodbye Felix1 the Rogue...

You died in The Gnomish Mines on dungeon level 4 with 477 points,
and 38 pieces of gold, after 1431 moves.
You were level 3 with a maximum of 22 hit points when you died.

